 Dungeon Crawl Stone Soup version 0.30-a0-702-gdf48620a09 (webtiles) character file.

Game seed: 11669119771298993727

177 acebull12 the Covert (level 5, 0/31 HPs)
             Began as a Kobold Brigand on Jan 21, 2023.
             Slain by Dowan
             ... wielding a +2 dagger of venom
              (2 damage)
             ... on level 4 of the Dungeon.
             The game lasted 00:06:20 (2937 turns).

acebull12 the Covert (Kobold Brigand)               Turns: 2937, Time: 00:06:21

Health: 0/31       AC:  8    Str:  8    XL:     5   Next: 87%
Magic:  5/5        EV: 15    Int: 12    God:
Gold:   261        SH:  0    Dex: 19    Spells: 4/4 levels left

rFire   . . .      SeeInvis .    A - +2 dagger (venom)
rCold   + . .      Faith    .    (no shield)
rNeg    . . .      Spirit   .    b - +0 robe
rPois   +          Reflect  .    h - +2 hat
rElec   .          Harm     .    c - +0 cloak
rCorr   .          Rampage  .    q - +1 pair of gloves
Will    .....                    l - +0 pair of boots
Stlth   +++++                    (no amulet)
HPRegen 0.25/turn                p - ring of poison resistance
MPRegen 0.09/turn                i - ring of protection from cold

@: no status effects
A: small, no large weapons, nightstalker 3
a: no special abilities


You were on level 4 of the Dungeon.
You visited 1 branch of the dungeon, and saw 4 of its levels.

You collected 261 gold pieces.

Inventory:

Hand Weapons
 A - a +2 dagger of venom (weapon)
Missiles
 d - 11 poisoned darts (quivered)
 e - 3 curare-tipped darts
 f - 19 stones
 y - 4 boomerangs
Armour
 b - a +0 robe (worn)
 c - a +0 cloak (worn)
 h - a +2 hat (worn)
 l - a +0 pair of boots (worn)
 q - a +1 pair of gloves (worn)
Jewellery
 i - a ring of protection from cold (right hand)
 p - a ring of poison resistance (left hand)
 r - an amulet of magic regeneration
Wands
 g - a wand of paralysis (15)
Scrolls
 k - 3 scrolls of poison
 o - 2 scrolls of enchant weapon {unknown}
 t - 2 scrolls of fog
 u - a scroll of teleportation {unknown}
 v - a scroll of fear {unknown}
 w - a scroll of amnesia {unknown}
 x - 2 scrolls of silence {unknown}
Potions
 a - a potion of haste {unknown}
 j - a potion of might
 m - 2 potions of curing
 s - a potion of berserk rage {unknown}
 z - a potion of degeneration {unknown}
 B - a potion of heal wounds {unknown}
 C - a potion of lignification {unknown}
 D - a potion of attraction {unknown}


   Skills:
 + Level 2.4 Fighting
 + Level 3.6 Short Blades
 * Level 2.8 Throwing
 * Level 2.3 Dodging
 * Level 8.0 Stealth


You had 4 spell levels left.
You didn't know any spells.
Your spell library contained the following spells:

 Spells                   Type           Power      Damage    Failure   Level
 Magic Dart               Conj           0%         1d3       32%         1
 Call Imp                 Summ           0%         N/A       45%         2
 Ensorcelled Hibernation  Hex/Ice        0%         N/A       45%         2
 Passwall                 Tmut/Erth      0%         N/A       45%         2
 Inner Flame              Hex/Fire       0%         N/A       69%         3
 Kindle Blastsparks       Fire/Tloc/Air  0%         2d10      69%         3
 Mephitic Cloud           Conj/Pois/Air  0%         N/A       69%         3
 Swiftness                Air            0%         N/A       69%         3
 Flame Wave               Conj/Fire      0%         2d4       97%         4
 Fulminant Prism          Conj/Hex       0%         3d5       97%         4
 Iskenderun's Mystic Bla  Conj/Tloc      0%         2d3       97%         4
 Sticky Flame             Conj/Fire      0%         2d3       97%         4
 Lee's Rapid Deconstruct  Erth           0%         3d4*      100%        5


Dungeon Overview and Level Annotations

Branches:
Dungeon (4/15)
 Temple: D:4-7

Altars:
Makhleb
Zin

Shops:
D:2 [

Annotations:
D:4 Dowan, Duvessa


Innate Abilities, Weirdness & Mutations

You are small and have problems with some larger weapons.
You are completely attuned to the shadows.


Message History

Natasha is almost dead.
Natasha stares at you and mumbles some strange words.
You feel yourself slow down.
You hit Natasha.
You kill Natasha!
Natasha screams in fury as she dies!
You feel yourself speed up.
Found a stone staircase leading down.
Found a stone staircase leading down.
No target in view!
No target in view!
You pick up a book of Blasting and begin reading...
You add the spells Kindle Blastsparks, Fulminant Prism, Iskenderun's Mystic Blast and Lee's Rapid Deconstruction to your library.
C - a fuming brown potion
There is a stone staircase leading up here.
You now have 261 gold pieces (gained 15).
An orc comes into view. It is wielding a +0 mace.
Found a murky orange potion.
The helpless orc fails to defend itself.
You perforate the orc like a sieve!!!
You kill the orc!
Your Stealth skill increases to level 8!
D - a murky orange potion Dowan, Brother of Duvessa comes into view.
He is wielding a +2 dagger of venom.
Duvessa, Sister of Dowan comes into view.
She is wielding a +2 rapier of protection and carrying a wand of flame (31).
Duvessa shouts!
Duvessa attacks as you move away!
Duvessa hits you with a +2 rapier of protection!
Dowan shouts!
Duvessa attacks as you move away!
Duvessa hits you with a +2 rapier of protection!
* * * LOW HITPOINT WARNING * * *
As you read the scroll of summoning, it crumbles to dust.
Wisps of shadow whirl around you...
Duvessa says, "I don't care about looks, I care about technique!"
Duvessa hits you with a +2 rapier of protection!
* * * LOW HITPOINT WARNING * * *
Dowan attacks as you move away!
Dowan hits you with a +2 dagger of venom.
You die...

#############
.....##.....##
...........).##
.......J......#
..............#
.....e@.J.....# ######
....5e........# #......
....S.........###.#####
..................#####
.................#...
##.....###......##
#######....#.....
...#####... .## #<..


You could see Duvessa (ally target), Dowan (ally target), a friendly ufetubus
(summoned), 2 friendly endoplasms and a friendly ball python (summoned).

Vanquished Creatures
  An orc wizard (D:3)
  Natasha (twice) (D:4)
  4 adders
  A worm (D:2)
  A dart slug (D:1)
  5 orcs
  5 bats
  5 endoplasms
  A giant cockroach (D:1)
  3 goblins
  7 hobgoblins
  A jackal (D:4)
  4 kobolds
  3 quokkas
  6 ball pythons
  4 frilled lizards
  5 rats
58 creatures vanquished.

Vanquished Creatures (others)
  A jackal (D:4)
1 creature vanquished.

Grand Total: 59 creatures vanquished

Notes
Turn   | Place    | Note
-------+----------+-------------------------------------------
     0 | D:1      | acebull12 the Kobold Brigand began the quest for the Orb.
     0 | D:1      | Reached XP level 1. HP: 12/12 MP: 1/1
    89 | D:1      | Reached XP level 2. HP: 17/17 MP: 2/2
   184 | D:1      | Reached skill level 6 in Stealth
   235 | D:1      | Found a faded altar of an unknown god.
   339 | D:1      | Reached XP level 3. HP: 21/21 MP: 3/3
   969 | D:2      | Found Fodura's Antique Armour Boutique.
  1223 | D:2      | Reached XP level 4. HP: 26/26 MP: 4/4
  1494 | D:2      | Reached skill level 7 in Stealth
  1692 | D:3      | Found a burning altar of Makhleb.
  1776 | D:3      | Reached XP level 5. HP: 30/30 MP: 5/5
  1886 | D:3      | Found a glowing silver altar of Zin.
  2527 | D:4      | Noticed Natasha
  2542 | D:4      | Killed Natasha
  2843 | D:4      | Noticed Natasha
  2851 | D:4      | Killed Natasha
  2927 | D:4      | Reached skill level 8 in Stealth
  2930 | D:4      | Noticed Dowan
  2931 | D:4      | Noticed Duvessa
  2937 | D:4      | Slain by Dowan

Illustrated notes

Levels and vault maps discovered:
D:1:      dpeg_arrival_pond, layout_basic, shapermc_ecumenical_altar_petra
D:2:      layout_basic, serial_shops, shop, minmay_hexomino_p4
D:3:      layout_loops_ring, amcnicky_altar_gilded, zin_academy,
          nicolae_figureground_pulse
D:4:      layout_rooms, vehumet_statue, roderic_lattice_a, uniq_sigmund,
          uniq_natasha, uniq_duvessa

Skill      XL: |  1  2  3  4  5 |
---------------+----------------+-----
Stealth        | 6 7 8 |  8.0
Short Blades   | 3 |  3.6
Dodging        | 2 |  2.3
Fighting       | |  2.4
Throwing       | |  2.8

Action                   |  1- 3 |  4- 6 || total
-------------------------+-------+-------++-------
Melee: Dagger            |    42 |    91 ||   133
       Punch             |       |     2 ||     2
  Use: Scroll            |       |     6 ||     6
 Stab: Sleeping          |    21 |    15 ||    36
Armor: Robe              |    11 |    21 ||    32
Dodge: Dodged            |    10 |    42 ||    52

Table legend: (Time is in decaauts)
 A = Elapsed time spent in this place.
 B = Non-inter-level travel time spent in this place.
 C = Inter-level travel time spent in this place.
 D = Time resting spent in this place.
 E = Time spent auto-exploring this place.
 F = Levels seen in this place.
 G = Mean time per level.
                   A        B        C        D        E       F      G
               +--------+--------+--------+--------+--------+-----+--------+
         Total |   2925 |   2732 |    193 |     60 |   2194 |   4 |  731.2 |
       Dungeon |   2925 |   2732 |    193 |     60 |   2194 |   4 |  731.2 |
               +--------+--------+--------+--------+--------+-----+--------+

Top non-repeatable levels by time:
     D:3: 870 daAuts
     D:1: 857 daAuts
     D:2: 752 daAuts
     D:4: 444 daAuts
